 Dungeon Crawl Stone Soup version 0.31-a0-840-g6d2ecbb638 (webtiles) character file.

Game seed: 18150126505788160593

39 Ethylacetat the Ducker (level 3, 0/25 HPs)
             Began as an Octopode Gladiator on Sept 27, 2023.
             Slain by a goblin
             ... wielding a +0 club
              (2 damage)
             ... on level 2 of the Dungeon.
             The game lasted 00:01:44 (1081 turns).

Ethylacetat the Ducker (Octopode Gladiator)         Turns: 1081, Time: 00:01:45

Health: 0/25       AC:  1    Str: 13    XL:     3   Next: 45%
Magic:  3/3        EV: 14    Int: 10    God:
Gold:   69         SH:  0    Dex: 15    Spells: 2/2 levels left

rFire   . . .        d - +2 whip (vamp)
rCold   . . .        (no shield)
rNeg    . . .        a - +0 hat
rPois   .            (no amulet)
rElec   .            (no ring)
rCorr   .            (no ring)
SInv    .            (no ring)
Will    .....        (no ring)
Stlth   +++          (no ring)
HPRegen 0.24/turn    (no ring)
MPRegen 0.08/turn    (no ring)
                     (no ring)

%: no passive effects
@: no status effects
A: almost no armour, amphibious, 8 rings, camouflage 1, gelatinous body 1,
(nimble swimmer 1), tentacles
a: no special abilities


You were on level 2 of the Dungeon.
You visited 1 branch of the dungeon, and saw 2 of its levels.

You collected 69 gold pieces.

Inventory:

Hand Weapons
 d - a +2 vampiric whip (weapon)
Missiles
 b - 3 throwing nets (quivered)
 c - a javelin
Armour
 a - a +0 hat (worn)
Talismans
 f - a maw talisman
Scrolls
 g - 2 scrolls of identify {unknown}
 k - a scroll of vulnerability {unknown}
 l - a scroll of poison {unknown}
 m - a scroll of enchant armour {unknown}
 o - a scroll of amnesia {unknown}
Potions
 e - 3 potions of heal wounds {unknown}
 h - a potion of mutation {unknown}
 i - a potion of lignification {unknown}
 j - a potion of brilliance {unknown}
 n - a potion of enlightenment {unknown}


   Skills:
 + Level 2.4 Fighting
 - Level 2.0 Throwing
 + Level 3.3 Dodging
 + Level 1.8 Stealth
 + Level 3.3 Unarmed Combat
 * Level 0.7 Shapeshifting


You had 2 spell levels left.
You didn't know any spells.
Your spell library contained the following spells:

 Spells                   Type           Power      Damage    Failure   Level
 Poisonous Vapours        Pois/Air       0%         N/A       50%         2
 Mephitic Cloud           Conj/Pois/Air  0%         N/A       75%         3
 Manifold Assault         Tloc           0%         N/A       98%         4
 Freezing Cloud           Conj/Ice/Air   0%         6-21      100%        5
 Dispersal                Tloc           0%         N/A       100%        6
 Disjunction              Tloc           0%         N/A       100%        8


Dungeon Overview and Level Annotations

Branches:
Dungeon (2/15)

Altars:

Shops:
D:1 (


Innate Abilities, Weirdness & Mutations

You cannot wear most types of armour.
You are amphibious.
You can wear up to eight rings at the same time.
Your skin changes colour to match your surroundings (Stealth+).
Your rubbery body absorbs attacks. (AC +1, EV +1)
((You are camouflaged when in or above water. (Stealth+)))
You have tentacles for arms and can constrict up to eight enemies at once.


Message History

You are frozen.
The goblin hits you with a +0 club.
The hobgoblin hits you but does no damage.
You barely miss the endoplasm.
The endoplasm is heavily wounded.
The hobgoblin hits you. The goblin misses you.
The endoplasm completely misses you.
You hit the endoplasm.
You feel better.
The endoplasm is severely wounded.
The endoplasm closely misses you. The goblin barely misses you.
The hobgoblin barely misses you.
You hit the endoplasm. Your squeeze misses the endoplasm.
The endoplasm is almost dead.
The hobgoblin hits you. The endoplasm freezes you.
You are frozen.
The goblin closely misses you.
You are too injured to fight recklessly!
You are too injured to fight recklessly!
You are too injured to fight recklessly!
Unknown command.
You are too injured to fight recklessly!
You are too injured to fight recklessly!
You are too injured to fight recklessly!
You barely miss the endoplasm.
The endoplasm is severely wounded.
The endoplasm freezes you.
You are frozen.
The hobgoblin hits you.
* * * LOW HITPOINT WARNING * * *
The goblin hits you with a +0 club.
* * * LOW HITPOINT WARNING * * *
You hit the endoplasm.
You feel better.
You kill the endoplasm!
The goblin hits you but does no damage. The hobgoblin barely misses you.
You hit the hobgoblin. You grab the hobgoblin. You squeeze the hobgoblin.
The hobgoblin is heavily wounded.
You constrict the hobgoblin. The goblin barely misses you.
The hobgoblin misses you.
You hit the hobgoblin.
You kill the hobgoblin!
The goblin hits you with a +0 club.
You die...

... ..##### #......#
...##.....# ...###......#
.........+ .....+...>..+
#.......# ...# #......#
#.......####...#.........#
####.......##...............#
...........##...............#
.............'..........##.####
..[..........#..@.w..... #
.......###'###...g...... #
.......# #.............. #
.......# #.............. #
.......###....#......... #
.........#...##......... #
....)........####...##.. #
.................#### .. #.#
............##.... #.#


You could see a worm and a goblin.

Vanquished Creatures
  A dart slug (D:1)
  5 bats
  3 endoplasms
  4 hobgoblins
  5 jackals (D:1)
  5 kobolds
  2 quokkas (D:1)
  4 ball pythons (D:1)
  2 frilled lizards
  2 goblins (D:1)
  3 rats
36 creatures vanquished.

Notes
Turn   | Place    | Note
-------+----------+-------------------------------------------
     0 | D:1      | Ethylacetat the Octopode Gladiator began the quest for the
                  | Orb.
     0 | D:1      | Reached XP level 1. HP: 14/14 MP: 1/1
    79 | D:1      | Reached skill level 1 in Stealth
    79 | D:1      | Reached XP level 2. HP: 19/19 MP: 2/2
   300 | D:1      | Reached XP level 3. HP: 25/25 MP: 3/3
   504 | D:1      | You fall into a shaft and drop 1 floor!
   950 | D:1      | Found Jyisei's Weapon Shoppe.
  1078 | D:2      | HP: 1/25 [goblin/+0 club (4)]
  1081 | D:2      | Slain by a goblin

Illustrated notes

Levels and vault maps discovered:
D:1:      dpeg_arrival_court, layout_basic, serial_shops,
          nicolae_shop_real_fake_doors
D:2:      layout_basic, serial_shops, nicolae_shop_advertising_works
          [nicolae_subvault_shop_adworks], basic_altar

Skill      XL: |  1 |
---------------+----+-----
Stealth        | 1 |  1.8
Fighting       | |  2.4
Throwing       | |  2.0
Dodging        | |  3.3
Unarmed Combat | |  3.3
Shapeshifting  | |  0.7

Action                     || total
---------------------------++-------
  Melee: Whip              ||    80
         Constrict         ||    22
         Tentacles         ||    12
         Punch             ||     1
   Stab: Sleeping          ||     6
 Armour: Skin              ||    41
  Dodge: Dodged            ||    68

Table legend: (Time is in decaauts)
 A = Elapsed time spent in this place.
 B = Non-inter-level travel time spent in this place.
 C = Inter-level travel time spent in this place.
 D = Time resting spent in this place.
 E = Time spent auto-exploring this place.
 F = Levels seen in this place.
 G = Mean time per level.
                   A        B        C        D        E       F      G
               +--------+--------+--------+--------+--------+-----+--------+
         Total |   1088 |   1058 |     30 |      0 |    793 |   2 |  544.0 |
       Dungeon |   1088 |   1058 |     30 |      0 |    793 |   2 |  544.0 |
               +--------+--------+--------+--------+--------+-----+--------+

Top non-repeatable levels by time:
     D:1: 845 daAuts
     D:2: 242 daAuts
